 Dungeon Crawl Stone Soup version 0.21-a0-538-gd16b88a (webtiles) character file.

44 Firecrotchwizard the Ruffian (level 3, 0/26 HPs)
             Began as an Octopode Fighter on Dec 16, 2017.
             Killed from afar by an orc wizard (9 damage)
             ... with a puff of flame
             ... on level 2 of the Dungeon.
             The game lasted 00:01:38 (763 turns).

Firecrotchwizard the Ruffian (Octopode Fighter)      Turns: 763, Time: 00:01:39

Health: 0/26       AC:  1    Str: 15    XL:     3   Next: 60%
Magic:  3/3        EV: 11    Int: 11    God:
Gold:   44         SH:  8    Dex: 11    Spells: 2/2 levels left

rFire    . . .     SeeInvis .     - Unarmed
rCold    . . .     Gourm    .   a - +0 shield
rNeg     . . .     Faith    .   (helmet restricted)
rPois    .         Spirit   .   (no amulet)
rElec    .         Reflect  .   (no ring)
rCorr    .         Harm     .   (no ring)
MR       .....                  (no ring)
Stlth    +++.......             (no ring)
HPRegen  0.08/turn              (no ring)
MPRegen  0.08/turn              (no ring)
                                (no ring)
                                (no ring)

@: lethally poisoned (0 -> -2)
A: almost no armour, stealthy swim, amphibious, 8 rings, constrict 8, camouflage
1, gelatinous body 1
a: no special abilities


You were on level 2 of the Dungeon.
You were not hungry.

You visited 1 branch of the dungeon, and saw 2 of its levels.

You collected 44 gold pieces.

Inventory:

Hand Weapons
 d - a +2 short sword of speed
   (You found it on level 1 of the Dungeon)
Armour
 a - a +0 shield (worn)
Scrolls
 i - a scroll of remove curse {unknown}
 j - a scroll of blinking {unknown}
 m - a scroll of identify {unknown}
Potions
 b - a potion of might
 e - a potion of mutation {unknown}
 k - 2 potions of lignification {unknown}
 l - a potion of agility {unknown}
 n - a potion of curing {unknown}
Comestibles
 c - 4 bread rations {@e1}
 f - a royal jelly
 h - a meat ration {@e2}


   Skills:
 - Level 3.0 Fighting
 - Level 3.0 Dodging
 + Level 2.3 Stealth
 - Level 3.0 Shields
 + Level 3.2 Unarmed Combat


You had 2 spell levels left.
You didn't know any spells.

Dungeon Overview and Level Annotations

Branches:
Dungeon (2/15)

Altars:


Innate Abilities, Weirdness & Mutations

You cannot wear most types of armour.
You are very stealthy in the water. (Stealth+)
You are amphibious.
You can wear up to eight rings at the same time.
You can use your tentacles to constrict eight enemies at once.
Your skin changes colour to match your surroundings (Stealth+).
Your rubbery body absorbs attacks. (AC +1, EV +1)


Message History

You hear a shout!
A hobgoblin comes into view.
You take 4 damage, and have 21/26 hp.
You closely miss the goblin. You grab the goblin.
You squeeze the goblin, but do no damage.
You constrict the goblin. The goblin hits you but does no damage.
A quokka and an orc come into view.
You release your grip on the goblin.
You block the quokka's attack.
You enter a teleport trap!
The teleport trap disappears.
Your surroundings suddenly seem different.
A rat comes into view.
The rat moves out of view.
The rat is too close now for your liking.
You see here a pair of embroidered gloves.
A rat is nearby!
The rat bites you.
You take 1 damage, and have 21/26 hp.
You bludgeon the rat!
You kill the rat!
No target in view!
You tentacle-slap the goblin.
You kill the goblin!
No target in view!
Things that are here:
a club; a robe A giant cockroach comes into view.
A giant cockroach is nearby!
The giant cockroach misses you. The giant cockroach closely misses you.
You tentacle-slap the giant cockroach but do no damage.
Your grab misses the giant cockroach. The giant cockroach bites you.
You take 1 damage, and have 23/26 hp.
You tentacle-slap the giant cockroach.
You kill the giant cockroach!
No target in view!
Some of the chunks of flesh in your inventory have rotted away.
The orc is too close now for your liking.
You regained 2 hp, and now have 25/26 hp.
Health restored: 26 You start waiting.
Some of the chunks of flesh in your inventory have rotted away.
All of the chunks of flesh in your inventory have rotted away.
The orc shouts!
You hear a shout!
The orc hits you with a dagger.
You take 1 damage, and have 25/26 hp.
You tentacle-slap the orc. You grab the orc. You constrict the orc.
You block the orc's attack.
You tentacle-slap the orc. You constrict the orc.
You kill the orc!
You tentacle-slap the orc. You grab the orc. You constrict the orc.
The orc closely misses you.
The adder hisses angrily.
You tentacle-slap the orc.
You kill the orc!
Your Stealth skill increases to level 2!
You closely miss the adder.
The orc wizard shouts!
Your grab misses the adder. Your squeeze misses the adder.
You block the adder's attack.
You closely miss the adder. Your grab misses the adder.
Your squeeze misses the adder. The adder bites you.
You block the adder's attack.
You take 3 damage, and have 22/26 hp.
You closely miss the adder. Your grab misses the adder.
Your squeeze misses the adder. The adder barely misses you.
You block the hobgoblin's attack.
The orc shouts!
You tentacle-slap the adder but do no damage.
You grab the adder. You constrict the adder. The adder bites you.
You block the hobgoblin's attack.
You take 5 damage, and have 18/26 hp.
You tentacle-slap the adder. You squeeze the adder.
You constrict the adder, but do no damage.
You block the adder's attack. You block the hobgoblin's attack.
The adder bites you.
You are poisoned.
The adder poisons you!
You take 3 damage, and have 15/26 hp.
You tentacle-slap the adder. You constrict the adder.
You kill the adder!
You feel sick. The hobgoblin barely misses you.
You take 1 damage, and have 14/26 hp.
You tentacle-slap the hobgoblin. Your grab misses the hobgoblin.
Your squeeze misses the hobgoblin. You block the hobgoblin's attack.
You closely miss the hobgoblin. You grab the hobgoblin.
You squeeze the hobgoblin.
You kill the hobgoblin!
You feel sick.
You take 1 damage, and have 13/26 hp.
You closely miss the orc wizard. You grab the orc wizard.
You constrict the orc wizard. The orc wizard hits you with a dagger.
You take 3 damage, and have 10/26 hp.
You tentacle-slap the orc wizard but do no damage.
You squeeze the orc wizard, but do no damage.
You constrict the orc wizard. You block the orc wizard's attack.
You tentacle-slap the orc wizard. You constrict the orc wizard.
You feel sick.
The orc wizard points at you and mumbles some strange words.
The puff of flame hits you!
You die...

#.#......#....##..
#######.#.####.........o
...............#...#....
########.#.####.##.##.#..
......................##o
########o#####.).##.g...o
#o# ##o......#### #o#
#...###.... #@#
##...o...### #†#
#...#.#### #.###...#.#
#.##...##.# #.##.#.##.#
#....#.##.#
#######.####.##.#
...........)....#
#######.###.#####


You could see an orc wizard and 2 orcs.

Vanquished Creatures
  An adder (D:2)
  A dart slug (D:1)
  2 orcs (D:2)
  3 bats (D:1)
  2 giant cockroaches
  5 goblins
  6 hobgoblins
  A kobold (D:1)
  2 frilled lizards (D:1)
  5 rats
28 creatures vanquished.

Notes
Turn   | Place    | Note
-------+----------+-------------------------------------------
     0 | D:1      | Firecrotchwizard the Octopode Fighter began the quest for the Orb.
     0 | D:1      | Reached XP level 1. HP: 16/16 MP: 1/1
   185 | D:1      | Reached XP level 2. HP: 21/21 MP: 2/2
   385 | D:1      | Reached skill level 1 in Stealth
   509 | D:1      | Reached skill level 3 in Unarmed Combat
   509 | D:1      | Reached XP level 3. HP: 21/26 MP: 3/3
   750 | D:2      | Reached skill level 2 in Stealth
   763 | D:2      | Killed from afar by an orc wizard

Vault maps used:
D:1:      sevenhm_arrival_forest_fort_small_6, nrook_loot_triangle, st_stairs_3,
          minmay_unequal
D:2:      lemuel_doored_altar, chequers_ecumenical_altar_simple,
          minmay_misc_feat_columns, hangedman_decor_clover_reticule,
          uniq_sigmund

Skill      XL: |  1  2  3 |
---------------+----------+-----
Stealth        | 1 2 |  2.3
Unarmed Combat | 3 |  3.2
Fighting       | |  3.0
Dodging        | |  3.0
Shields        | |  3.0

Action                   || total
-------------------------++-------
Melee: Unarmed           ||    59
       Constrict         ||    17
       Tentacles         ||    11
       Punch             ||     2
 Stab: Sleeping          ||     7
Armor: Skin              ||     2
Dodge: Dodged            ||    13
Block: Shield            ||    16

Table legend:
 A = Spawn XP
 B = Non-spawn XP
 C = Spawn XP percentage of total XP
 D = Spawn monster count
 E = Non-spawn monster count
 F = Spawn count percentage of total count
 G = Total turns spent on level
                    A         B        C        D         E        F      G
               +---------+---------+-------+---------+---------+-------+---------
         Total |       0 |      63 |   0.0 |       0 |      28 |   0.0 |   763
               +---------+---------+-------+---------+---------+-------+---------
           D:1 |       0 |      35 |   0.0 |       0 |      19 |   0.0 |   539
           D:2 |       0 |      28 |   0.0 |       0 |       9 |   0.0 |   224
               +---------+---------+-------+---------+---------+-------+---------

Vault maps used:
D:1:      sevenhm_arrival_forest_fort_small_6, nrook_loot_triangle, st_stairs_3,
          minmay_unequal
D:2:      lemuel_doored_altar, chequers_ecumenical_altar_simple,
          minmay_misc_feat_columns, hangedman_decor_clover_reticule,
          uniq_sigmund

Table legend:
 A = Turns spent in this place as a percentage of turns spent in the entire game.
 B = Non-inter-level travel turns spent in this place as a percentage of non-inter-level travel turns spent in the entire game.
 C = Inter-level travel turns spent in this place as a percentage of turns spent in this place.
 D = Turns resting spent in this place as a percentage of non-inter-level travel turns spent in this place.
 E = Turns spent auto-exploring this place as a percentage of non-inter-level travel turns spent in this place.
 F = Non-inter-level travel turns spent in this place divided by the number of levels of this place that you've seen.
                   A       B       C       D       E      F
               +-------+-------+-------+-------+-------+----------------------
         Total | 100.0 | 100.0 |   2.5 |  25.4 |  50.4 | 372.0
       Dungeon | 100.0 | 100.0 |   2.5 |  25.4 |  50.4 | 372.0
               +-------+-------+-------+-------+-------+----------------------

Table legend:
 A = Kills in this place as a percentage of kills in entire the game.
 B = Kills by you in this place as a percentage of kills by you in the entire game.
 C = Kills by friends in this place as a percentage of kills by friends in the entire game.
 D = Other kills in this place as a percentage of other kills in the entire game.
 E = Experience gained in this place as a percentage of experience gained in the entire game.
 F = Experience gained in this place divided by the number of levels of this place that you have seen.
                   A       B       C       D       E      F
               +-------+-------+-------+-------+-------+----------------------
         Total | 100.0 | 100.0 |   N/A |   N/A | 100.0 |  31.5
       Dungeon | 100.0 | 100.0 |   N/A |   N/A | 100.0 |  31.5
               +-------+-------+-------+-------+-------+----------------------
